 Dungeon Crawl Stone Soup version 0.30-a0-709-gcdc1b43e22 (webtiles) character file.

Game seed: 9162708639026353876

16 Dartaoz the Insei (level 2, 0/21 HPs)
             Began as a Merfolk Transmuter on Jan 22, 2023.
             Slain by a jackal (1 damage)
             ... on level 1 of the Dungeon.
             The game lasted 00:01:14 (382 turns).

Dartaoz the Insei (Merfolk Transmuter)               Turns: 382, Time: 00:01:15

Health: 0/21       AC:  2    Str: 10    XL:     2   Next: 54%
Magic:  4/5        EV: 12    Int: 12    God:
Gold:   30         SH:  0    Dex: 14    Spells: 4/5 levels left

rFire   . . .      SeeInvis .      - Unarmed
rCold   . . .      Faith    .    (no shield)
rNeg    . . .      Spirit   .    a - +0 robe
rPois   .          Reflect  .    (helmet currently unavailable)
rElec   .          Harm     .    (no cloak)
rCorr   .          Rampage  .    (no gloves)
Will    .....                    (boots currently unavailable)
Stlth   +                        (no amulet)
HPRegen 0.23/turn                (no ring)
MPRegen 0.09/turn                (no ring)

@: appendages
A: horns 2, (nimble swimmer 2), mertail
a: End Transformation


You were on level 1 of the Dungeon.
You had temporarily grown beastly horns.
You visited 1 branch of the dungeon, and saw 1 of its levels.

You collected 30 gold pieces.

Inventory:

Armour
 a - a +0 robe (worn)
Scrolls
 d - a scroll of amnesia {unknown}
 e - a scroll of teleportation {unknown}
Potions
 b - a potion of lignification
 c - a potion of berserk rage {unknown}
 f - a potion of brilliance {unknown}


   Skills:
 - Level 1.1 Fighting
 - Level 2.6 Dodging
 + Level 3.6 Unarmed Combat
 - Level 2.0 Spellcasting
 + Level 3.2 Transmutations
 + Level 1.1 Poison Magic


You had 4 spell levels left.
You knew the following spells:

 Your Spells              Type           Power      Damage    Failure   Level
a - Beastly Appendage     Tmut           18%        N/A       7%          1

Your spell library contained the following spells:

 Spells                   Type           Power      Damage    Failure   Level
 Wereblood                Tmut           9%         N/A       11%         2
 Spider Form              Tmut/Pois      6%         N/A       32%         3
 Ice Form                 Ice/Tmut       5%         N/A       80%         4


Dungeon Overview and Level Annotations

Branches:
Dungeon (1/15)

Altars:


Innate Abilities, Weirdness & Mutations

You have temporarily grown beastly horns.
((You are very nimble when in or above water. (Stealth+, EV+, Speed+++)))
Your lower body shifts to a powerful aquatic tail in water.


Message History

You miss the jackal. The jackal bites you.
The jackal bites you but does no damage.
The jackal bites you.
You barely miss the jackal. You headbutt the jackal.
You kill the jackal!
The jackal closely misses you. The jackal barely misses you.
The jackal bites you. x2
You are too injured to fight recklessly!
You closely miss the jackal. You headbutt the jackal.
You kill the jackal!
The jackal closely misses you.
The jackal bites you but does no damage.
You closely miss the jackal. The jackal bites you. x2
A kobold comes into view. It is wielding a +0 short sword.
The jackal barely misses you.
You hit the jackal but do no damage. You punch the jackal, but do no damage.
Your horns disappear.
The jackal bites you but does no damage. x2
The jackal closely misses you.
You barely miss the jackal. The jackal completely misses you.
The jackal misses you.
You are too injured to fight recklessly!
Casting: Beastly Appendage (safe; 8% risk of failure)
Confirm with . or Enter, or press ? or * to list all spells.
You grow a pair of large bovine horns.
The jackal misses you. The jackal bites you.
* * * LOW HITPOINT WARNING * * *
The jackal bites you but does no damage.
You hit the jackal.
The jackal is almost dead.
The jackal bites you.
* * * LOW HITPOINT WARNING * * *
The jackal barely misses you. The jackal misses you.
You hit the jackal.
You kill the jackal!
The jackal bites you.
* * * LOW HITPOINT WARNING * * *
Okay, then.
You barely miss the jackal. The jackal bites you.
You die...

#..##........ #.
#...†....... # #.
####........ #.#.
#........ ###.#.###
#####.... ........#
#.... #....K.# #....
#....h.# #....
#....†@# #....
#......##
########....
#.......#
............
###...†.#
########.... #.....#
...........
#.....###########....
#####...........††...
#############......
#...#..^#...#.#####


You could see a jackal and a kobold.

Vanquished Creatures
  2 bats (D:1)
  A giant cockroach (D:1)
  A goblin (D:1)
  A hobgoblin (D:1)
  3 jackals (D:1)
  A quokka (D:1)
  3 ball pythons (D:1)
  2 frilled lizards (D:1)
14 creatures vanquished.

Notes
Turn   | Place    | Note
-------+----------+-------------------------------------------
     0 | D:1      | Dartaoz the Merfolk Transmuter began the quest for the Orb.
     0 | D:1      | Reached XP level 1. HP: 15/15 MP: 3/3
   195 | D:1      | Reached XP level 2. HP: 21/21 MP: 3/5
   280 | D:1      | Reached skill level 1 in Poison Magic
   381 | D:1      | HP: 1/21 [jackal (2)]
   382 | D:1      | Slain by a jackal

Illustrated notes

Levels and vault maps discovered:
D:1:      co_arrival_random_square_maze, layout_basic

Skill      XL: |  1  2 |
---------------+-------+-----
Transmutations | 3 |  3.2
Poison Magic   | 1 |  1.1
Fighting       | |  1.1
Dodging        | |  2.6
Unarmed Combat | |  3.6
Spellcasting   | |  2.0

Action                     || total
---------------------------++-------
  Melee: Unarmed           ||    46
         Headbutt          ||    12
         Punch             ||     2
   Cast: Beastly Appendage ||    12
 Armour: Robe              ||    13
  Dodge: Dodged            ||    47

Table legend: (Time is in decaauts)
 A = Elapsed time spent in this place.
 B = Non-inter-level travel time spent in this place.
 C = Inter-level travel time spent in this place.
 D = Time resting spent in this place.
 E = Time spent auto-exploring this place.
 F = Levels seen in this place.
 G = Mean time per level.
                   A        B        C        D        E       F      G
               +--------+--------+--------+--------+--------+-----+--------+
         Total |    379 |    379 |      0 |      0 |    276 |   1 |  379.0 |
       Dungeon |    379 |    379 |      0 |      0 |    276 |   1 |  379.0 |
               +--------+--------+--------+--------+--------+-----+--------+

Top non-repeatable levels by time:
     D:1: 379 daAuts
